AoeStats
← camitroll666

Arabia

510646493Analyzed
1v1 RM · 17h ago on Oct 2, 2026· 40m 28s· 2 players
Game mode
Random Map
Map size
Tiny (2 player)
Population
200
Speed
Normal
Resources
Standard
Victory
Conquest
Starting age
Dark Age
Ending age
Imperial Age
RankedLock teamsTeams togetherTeam positionsShared explorationLock speedFull tech treeHidden civsTurbo modeCheats
Victory
Defeat
🇨🇴 Saracens · Colombia
1041
+15
🇦🇷 Franks · Argentina
1018
-15
camitroll666
8:18 Loom
10:21 Feudal Age
10:57 Double-Bit Axe
15:55 Forging
17:02 Scale Barding Armor
21:57 Castle Age
22:45 Husbandry
23:50 Bow Saw
24:33 Gold Mining
28:04 Iron Casting
33:36 Chain Barding Armor
TheGreenPegasus
6:42 Loom
9:37 Feudal Age
10:39 Double-Bit Axe
18:04 Wheelbarrow
23:01 Castle Age
22:18 Gold Mining
23:48 Crossbowman
24:44 Bow Saw
24:55 Fletching
30:32 Gold Shaft Mining
30:09 Bodkin Arrow
31:16 Padded Archer Armor
32:24 Thumb Ring
37:21 Ballistics
Connection lost

Rejoining the realm…

Still unreachable

The connection could not be restored.

Session expired

The server has moved on; the page needs a fresh start.